 Dungeon Crawl Stone Soup version 0.28.0-53-g5a82cb258f (webtiles) character file.

Game seed: 10706333593930617911

137 Sin92 the Skirmisher (level 5, -6/41 HPs)
             Began as a Demonspawn Fighter on July 5, 2022.
             Was a Follower of Qazlal.
             Blown up by Ijyb (10 damage)
             ... with a mindburst bolt
             ... on level 3 of the Dungeon.
             The game lasted 00:02:48 (2688 turns).

Sin92 the Skirmisher (Demonspawn Fighter)           Turns: 2688, Time: 00:02:49

Health: -6/41      AC:  6    Str: 19    XL:     5   Next: 0%
Magic:  5/5        EV: 11    Int:  9    God:    Qazlal [*.....]
Gold:   119        SH:  6    Dex: 12    Spells: 4/4 levels left

rFire   . . .      SeeInvis .   a - +0 flail
rCold   . . .      Faith    .   c - +0 buckler
rNeg    . . .      Spirit   .   e - +1 leather armour {rPois}
rPois   +          Reflect  .   (no helmet)
rElec   .          Harm     .   (no cloak)
rCorr   .          Rampage  .   (no gloves)
Will    .....                   (no boots)
Stlth   +.........              (no amulet)
HPRegen 0.13/turn               (no ring)
MPRegen 0.09/turn               (no ring)

@: no status effects
A: molten scales 1, demonic magic 2
a: Renounce Religion


You were on level 3 of the Dungeon.
You worshipped Qazlal.
Qazlal was aware of your devotion.
You visited 1 branch of the dungeon, and saw 3 of its levels.

You collected 119 gold pieces.

Inventory:

Hand Weapons
 a - a +0 flail (weapon)
Armour
 b - a +0 scale mail
 c - a +0 buckler (worn)
 e - a +1 leather armour of poison resistance (worn)
Scrolls
 d - a scroll of teleportation {unknown}
 f - 3 scrolls of identify
 i - a scroll of immolation
Potions
 g - a potion of cancellation
 h - 2 potions of curing


   Skills:
 + Level 3.6 Fighting
 + Level 2.6 Maces & Flails
 + Level 3.2 Armour
 * Level 2.1 Dodging
 + Level 3.2 Shields


You had 4 spell levels left.
You didn't know any spells.
Your spell library contained the following spells:

 Spells                   Type           Power      Damage    Failure   Level
 Foxfire                  Conj/Fire      0%         2x1d4     54%         1
 Conjure Flame            Conj/Fire      0%         6-21      88%         3
 Dazzling Flash           Conj/Hex       0%         N/A       88%         3
 Inner Flame              Hex/Fire       0%         N/A       88%         3
 Flame Wave               Conj/Fire      0%         2d4       99%         4
 Iskenderun's Mystic Bla  Conj/Tloc      0%         2d3       99%         4
 Starburst                Conj/Fire      0%         6d3       100%        6


Dungeon Overview and Level Annotations

Branches:
Dungeon (3/15)

Altars:
Cheibriados
Qazlal
Uskayaw

Annotations:
D:3 Ijyb


Innate Abilities, Weirdness & Mutations

You are partially covered in molten scales. (AC +2)
Spells you cast may paralyse nearby enemies.


Message History

You are too injured to fight recklessly!
There are monsters nearby!
Unknown command.
You hit Ijyb.
Ijyb is severely wounded.
The goblin shoots a stone.
The stone barely misses you. You block the adder's attack.
Ijyb hits you with a +0 club.
The goblin shoots a stone.
You block the stone.
Unknown command.
You closely miss Ijyb.
Ijyb is severely wounded.
The adder closely misses you. You block Ijyb's attack.
The adder bites you but does no damage.
The goblin shoots a stone.
The stone hits you.
You barely miss Ijyb.
Ijyb is severely wounded.
The adder bites you but does no damage. Ijyb hits you with a +0 club.
* * * LOW HITPOINT WARNING * * *
The adder closely misses you. Ijyb hits you with a +0 club.
* * * LOW HITPOINT WARNING * * *
Unknown command.
You hit Ijyb.
Ijyb is severely wounded.
The adder barely misses you. Ijyb hits you but does no damage.
The adder bites you.
* * * LOW HITPOINT WARNING * * *
Unknown command.
You barely miss Ijyb.
Ijyb is severely wounded.
The adder closely misses you. Ijyb completely misses you.
The goblin unwields a +0 hunting sling.
The goblin wields a +0 dagger.
The goblin barely misses you.
Unknown command.
You closely miss Ijyb.
Ijyb is severely wounded.
The adder bites you.
* * * LOW HITPOINT WARNING * * *
Ijyb closely misses you. The goblin closely misses you.
The adder barely misses you.
Ijyb zaps a wand.
Your mind is blasted!
You die...

#...... #...... #......
#...... ####### #......
#.....#
#......#########.###.#
##.............#.# #.#
......g@######.#.# #.#
......gS+........# #)#
........###..(.### #.#
........# #.#### #.#
........# #...# #.#
......... ..#.# #.###
.........##.#.# #....
.........#..#.########.#
#.#.##.#.#........#


You could see Ijyb, an adder and a goblin.

Vanquished Creatures
  A scorpion (D:2)
  3 adders
  2 dart slugs
  2 ball pythons (D:1)
  3 bats
  5 endoplasms
  2 giant cockroaches
  6 goblins
  6 hobgoblins
  3 quokkas
  5 kobolds
  6 rats
44 creatures vanquished.

Notes
Turn   | Place    | Note
-------+----------+-------------------------------------------
     0 | D:1      | Sin92 the Demonspawn Fighter began the quest for the Orb.
     0 | D:1      | Reached XP level 1. HP: 18/18 MP: 1/1
   156 | D:1      | Found a hide-covered altar of Uskayaw.
   296 | D:1      | Gained mutation: Spells you cast may paralyse adjacent
                  | enemies. [demonic ancestry]
   296 | D:1      | Reached XP level 2. HP: 21/24 MP: 2/2
  1430 | D:1      | Found a faded altar of an unknown god.
  1453 | D:1      | Reached skill level 1 in Dodging
  1453 | D:1      | Reached XP level 3. HP: 29/29 MP: 3/3
  2058 | D:2      | Noticed a scorpion
  2070 | D:2      | Killed a scorpion
  2071 | D:2      | Gained mutation: Spells you cast may paralyse nearby
                  | enemies. [demonic ancestry]
  2071 | D:2      | Reached XP level 4. HP: 18/35 MP: 4/4
  2467 | D:3      | Found a faded altar of an unknown god.
  2475 | D:3      | Found a snail-covered altar of Cheibriados.
  2600 | D:3      | Prayed at the altar of an unknown god.
  2600 | D:3      | Became a worshipper of Qazlal Stormbringer
  2600 | D:3      | Reached * piety under Qazlal
  2674 | D:3      | Gained mutation: You are partially covered in molten
                  | scales. (AC +2) [demonic ancestry]
  2674 | D:3      | Reached XP level 5. HP: 41/41 MP: 5/5
  2677 | D:3      | Noticed Ijyb
  2688 | D:3      | Blown up by Ijyb

Illustrated notes

Levels and vault maps discovered:
D:1:      sevenhm_arrival_forest_fort_small_6, layout_loops_corners,
          basic_ecumenical_altar
D:2:      layout_rooms
D:3:      layout_basic, tso_oasis_becter, nicolae_overflow_ecumenical_swirl,
          uniq_ijyb

Skill      XL: |  1  2  3 |
---------------+----------+-----
Maces & Flails | 2 |  2.6
Dodging        | 1 2 |  2.1
Shields        | 3 |  3.2
Armour         | 3 |  3.2
Fighting       | |  3.6

Action                   |  1- 3 |  4- 6 || total
-------------------------+-------+-------++-------
Melee: Flail             |   113 |    48 ||   161
  Use: Scroll            |     2 |     2 ||     4
       Potion            |     1 |     1 ||     2
Armor: Scale mail        |    10 |       ||    10
       Leather armour    |    28 |    17 ||    45
Dodge: Dodged            |    67 |    39 ||   106
Block: Buckler           |    32 |    12 ||    44
